AoeStats
← lum3n

Fortress

508569932Analyzed
2v2 RM · 10d ago on Sep 23, 2026· 61m 59s· 4 players
Game mode
Random Map
Map size
Normal (6 player)
Population
200
Speed
Normal
Resources
Standard
Victory
Conquest
Starting age
Dark Age
Ending age
Imperial Age
RankedLock teamsTeams togetherTeam positionsShared explorationLock speedFull tech treeHidden civsTurbo modeCheats
Victory
Defeat
🇧🇷 Bohemians · Brazil
1226
+16
🇧🇷 Vietnamese · Brazil
1226
+16
🇺🇸 Varangians · United States
1225
-16
🇺🇸 Saxons · United States
1224
-16
SenileOyster
8:26 Feudal Age
9:22 Double-Bit Axe
9:44 Gold Mining
9:56 Horse Collar
12:34 Castle Age
11:56 Scale Mail Armor
12:08 Forging
14:22 Chain Mail Armor
15:09 Bow Saw
15:58 Wheelbarrow
24:05 Iron Casting
32:14 Loom
32:15 Town Watch
34:12 Fletching
44:57 Imperial Age
44:03 Pikeman
44:44 Squires
45:12 Halberdier
46:43 Plate Mail Armor
46:36 Clerical Recruitment
47:37 Conscription
48:10 Shield Wall
56:00 Bodkin Arrow
56:14 Elite Hearth Troop
57:35 Hoardings
58:05 Bracer
58:06 Padded Archer Armor
58:34 Heavy Scorpion
lum3n
2:01 Loom
7:25 Feudal Age
11:13 Castle Age
10:19 Double-Bit Axe
10:35 Loom
10:46 Gold Mining
12:16 Forging
12:36 Horse Collar
20:18 Iron Casting
19:48 Scale Barding Armor
22:46 Wheelbarrow
23:51 Chain Barding Armor
30:35 Imperial Age
32:38 Elite Jarl
33:54 Plate Barding Armor
35:10 Conscription
37:03 Blast Furnace
41:35 Fletching
41:45 Padded Archer Armor
41:25 Elite Skirmisher
45:55 Bodkin Arrow
55:09 Bracer
55:24 Leather Archer Armor
57:53 Ring Archer Armor
Saladidn't
8:40 Loom
10:26 Feudal Age
12:18 Wheelbarrow
11:57 Double-Bit Axe
12:03 Horse Collar
15:24 Castle Age
16:24 Hand Cart
16:49 Bow Saw
31:50 Town Watch
38:52 Fervor
46:44 Imperial Age
45:20 Caravan
50:26 Heavy Plow
52:39 Two-Man Saw
52:28 Ballistics
53:54 Conscription
55:13 Town Patrol
57:31 Masonry
57:47 Heavy Scorpion
59:35 Chemistry
59:05 Man-at-Arms
59:08 Pikeman
59:56 Squires
61:13 Fletching
61:33 Forging
61:24 Scale Mail Armor
61:45 Wagenburg Tactics
61:46 Long Swordsman
PapaLeaoX
8:58 Feudal Age
9:37 Double-Bit Axe
12:42 Castle Age
11:14 Gold Mining
11:09 Horse Collar
12:33 Fletching
12:43 Padded Archer Armor
14:47 Wheelbarrow
19:15 Bodkin Arrow
25:18 Imperial Age
23:46 Heavy Plow
24:00 Bow Saw
25:53 Ballistics
25:51 Leather Archer Armor
28:11 Chemistry
27:14 Bracer
27:45 Ring Archer Armor
27:36 Elite Rattan Archer
28:34 Loom
29:05 Hand Cart
28:35 Town Watch
29:29 Crop Rotation
41:21 Bloodlines
41:12 Husbandry
40:40 Elite Battle Elephant
41:49 Forging
41:44 Scale Barding Armor
43:33 Paper Money
43:16 Chatras
43:54 Iron Casting
43:39 Chain Barding Armor
46:43 Plate Barding Armor
53:09 Thumb Ring
54:37 Light Cavalry
58:27 Elite Skirmisher
59:38 Imperial Skirmisher
Connection lost

Rejoining the realm…

Still unreachable

The connection could not be restored.

Session expired

The server has moved on; the page needs a fresh start.